 Dungeon Crawl Stone Soup version 0.27-a0-1090-gb115f176c6 (webtiles) character file.

Game seed: 778390034274206085

57845 wakim the Geomancer (level 14, -6/91 HPs)
             Began as a Gargoyle Earth Elementalist on Apr 27, 2021.
             Was a High Priest of Vehumet.
             Mangled by Rupert
             ... wielding a +2 battleaxe of freezing
              (11 damage)
             ... on level 1 of the Orcish Mines.
             The game lasted 01:30:29 (28675 turns).

wakim the Geomancer (Gargoyle Earth Elementalist)  Turns: 28675, Time: 01:30:30

Health: -6/91      AC: 22    Str: 22    XL:     14   Next: 88%
Magic:  27/27      EV: 13    Int: 20    God:    Vehumet [*****.]
Gold:   1230       SH:  5    Dex:  7    Spells: 18/31 levels left

rFire    . . .     SeeInvis +   a - staff of earth
rCold    . . .     Faith    .   f - +1 buckler
rNeg     + . .     Spirit   .   c - +2 robe {Will+}
rPois    ∞         Reflect  .   o - +0 helmet
rElec    +         Harm     .   q - +1 cloak
rCorr    .         Rampage  .   p - +0 pair of gloves
Will     ++++.                  j - +2 pair of boots of Gestures {Will+ Str+2}
Stlth    ++........             d - amulet of regeneration
HPRegen  1.25/turn              m - ring of Mistrust {Str+7 Dex-3 SInv}
MPRegen  0.20/turn              k - ring of willpower

@: about to teleport, flying
A: AC +10, big wings, negative energy resistance 1, electricity resistance,
torment resistance 1, unbreathing 1, petrification resistance
a: Renounce Religion


You were on level 1 of the Orcish Mines.
You worshipped Vehumet.
Vehumet was extremely pleased with you.
You visited 4 branches of the dungeon, and saw 19 of its levels.

You collected 1230 gold pieces.

Inventory:

Hand Weapons
 b - the +8 flail of Extinguishment {pain, rN+ Str+6 Stlth-}
   (You acquired it on level 5 of the Lair of Beasts)

   In the hands of one skilled in necromantic magic, it inflicts extra damage on
   living creatures.
   It affects your strength (+6).
   It protects you from negative energy.
   It makes you less stealthy.
 I - a +2 whip of venom
Missiles
 g - 2 atropa-tipped darts
 n - 3 boomerangs of dispersal {=f!f}
 s - 180 stones
Armour
 c - a +2 robe of willpower (worn)
 f - a +1 buckler (worn)
 j - the +2 pair of boots of Gestures (worn) {Will+ Str+2}
   (You found it on level 8 of the Dungeon)

   It affects your strength (+2).
   It increases your willpower.
 o - a +0 helmet (worn)
 p - a +0 pair of gloves (worn)
 q - a +1 cloak (worn)
 C - a +2 robe of positive energy
 G - a +2 robe of fire resistance
Magical Staves
 a - a staff of earth (weapon)
Jewellery
 d - an amulet of regeneration (around neck)
 h - a ring of resist corrosion
 k - a ring of willpower (right hand)
 l - a ring of fire
 m - the ring of Mistrust (left hand) {Str+7 Dex-3 SInv}
   (You took it off an orc on level 8 of the Dungeon)

   [ring of see invisible]

   It affects your strength (+7).
   It affects your dexterity (-3).
   It lets you see invisible.
 z - a +6 ring of strength
 B - a ring of magical power
Wands
 t - a wand of digging (5)
 u - a wand of mindburst (20)
 v - a wand of flame (17)
 w - a wand of acid (16)
 x - a wand of iceblast (10)
 y - a wand of paralysis (9)
 D - a wand of charming (4)
Scrolls
 e - 3 scrolls of amnesia
 i - 4 scrolls of enchant armour
 r - 2 scrolls of identify
 R - a scroll of magic mapping {!r}
 T - a scroll of teleportation
 V - 2 scrolls of vulnerability {!r!r}
 Y - 2 scrolls of blinking {!r}
 Z - a scroll of silence {!r}
Potions
 A - a potion of ambrosia
 E - 2 potions of cancellation
 F - 4 potions of curing
 H - 5 potions of haste
 J - 2 potions of heal wounds
 L - a potion of lignification {!q}
 O - 2 potions of resistance


   Skills:
 + Level 11.6 Fighting
 + Level 9.9 Maces & Flails
 + Level 2.2 Armour
 + Level 9.2 Dodging
 - Level 4.0 Stealth
 - Level 4.0 Shields
 - Level 9.0 Spellcasting
 - Level 7.0 Conjurations
 - Level 6.0 Transmutations
 * Level 14.2 Earth Magic


You had 18 spell levels left.
You knew the following spells:

 Your Spells              Type           Power      Damage    Failure   Level
a - Sandblast             Erth           100%       2d20      0%          1
b - Lee's Rapid Deconstr  Erth           39%        3d20*     1%          5
c - Petrify               Tmut/Erth      65%        N/A       1%          4
x - Stone Arrow           Conj/Erth      100%       3d13      1%          3

Your spell library contained the following spells:

 Spells                   Type           Power      Damage    Failure   Level
 Iskenderun's Battlesphe  Conj           37%        2d9       3%          5
 Beastly Appendage        Tmut           66%        N/A       1%          1
 Foxfire                  Conj/Fire      92%        2x1d8     1%          1
 Passwall                 Tmut/Erth      54%        N/A       1%          2
 Wereblood                Tmut           33%        N/A       1%          2
 Conjure Flame            Conj/Fire      23%        6-21      1%          3
 Dazzling Flash           Conj/Hex       46%        N/A       1%          3
 Bolt of Magma            Conj/Fire/Erth 27%        4d13      3%          5
 Iron Shot                Conj/Erth      33%        9d7       4%          6
 Sticky Flame             Conj/Fire      23%        2d4       5%          4
 Inner Flame              Hex/Fire       9%         N/A       6%          3
 Spider Form              Tmut/Pois      10%        N/A       7%          3
 Animate Skeleton         Necr           18%        N/A       8%          1
 Corona                   Hex            10%        N/A       8%          1
 Pain                     Necr           36%        1d5       8%          1
 Corpse Rot               Necr/Air       N/A        N/A       12%         2
 Ensorcelled Hibernation  Hex/Ice        18%        N/A       12%         2
 Fireball                 Conj/Fire      11%        3d7       13%         5
 Hydra Form               Tmut           16%        N/A       19%         5
 Confusing Touch          Hex            9%         N/A       22%         3
 Tukima's Dance           Hex            9%         N/A       22%         3
 Vampiric Draining        Necr           4%         2d6       22%         3
 Ice Form                 Ice/Tmut       21%        N/A       22%         4
 Animate Dead             Necr           4%         N/A       58%         4
 Eringya's Noxious Bog    Tmut/Pois      10%        N/A       61%         6
 Orb of Destruction       Conj           18%        9d8       63%         7
 Agony                    Necr           9%         N/A       91%         5
 Summon Forest            Summ/Tloc      4%         N/A       91%         5
 Summon Mana Viper        Hex/Summ       9%         N/A       91%         5
 Spellforged Servitor     Conj/Summ      11%        N/A       97%         7
 Shadow Creatures         Summ           N/A        N/A       100%        6
 Summon Hydra             Summ           4%         N/A       100%        7


Dungeon Overview and Level Annotations

Branches:
Dungeon (10/15)            Temple (1/1) D:4            Lair (6/6) D:8
 Shoals (0/4) Lair:2        Snake (0/4) Lair:2        Slime (0/5) Lair:5
    Orc (2/2) D:9             Elf (0/3) Orc:2

Altars:
Ashenzari
Cheibriados
Dithmenos
Elyvilon
Fedhas
Gozag
Hepliaklqana
Kikubaaqudgha
Makhleb
Nemelex Xobeh
Okawaru
Qazlal
Ru
Sif Muna
Trog
Uskayaw
Vehumet
Wu Jian
Xom
Yredelemnul
Zin
The Shining One
Beogh
Jiyva
Lugonu

Shops:
D:1 ?   D:3 ?   D:6 ?   D:8 =   Orc:1 *

Portals:
Abyss: Lair:2 Lair:5

Annotations:
D:9 Fannar
Lair:5 2 transporters, Bar Zani's ghost, journeyman FoHu
Orc:1 Rupert


Innate Abilities, Weirdness & Mutations

Your stone body is resilient. (AC +10)
You are immune to poison.
Your large and strong wings let you fly.
You resist negative energy. (rN+)
You are resistant to electric shocks. (rElec)
You are resistant to unholy torment.
You can survive without breathing.
You are immune to petrification.


Message History

There is a stone staircase leading down here.
Casting: Lee's Rapid Deconstruction (mildly dangerous; 1% risk of failure)
Confirm with . or Enter, or press ? or * to list all spells.
Okay, then.
Rupert roars wildly at you. You resist with almost no effort.
You see here a +0 dagger.
Casting: Lee's Rapid Deconstruction (mildly dangerous; 1% risk of failure)
Confirm with . or Enter, or press ? or * to list all spells.
Aiming: Lee's Rapid Deconstruction (mildly dangerous; 1% risk of failure)
Press: ? - help, Dir - move target A rock wall.
Okay, then.
Rupert roars madly and goes into a rage!
Rupert goes berserk!
Rupert rages.
Rupert hits you with a +2 battleaxe of freezing!
Rupert freezes you. Rupert closely misses you.
You hear a shout!
Rupert hits you with a +2 battleaxe of freezing.
Rupert freezes you.
Rupert rages.
Rupert hits you with a +2 battleaxe of freezing!!
Rupert freezes you.
Rupert hits you with a +2 battleaxe of freezing!!
* * * LOW HITPOINT WARNING * * *
Rupert freezes you!
* * * LOW HITPOINT WARNING * * *
You feel much better. Rupert hits you but does no damage.
Rupert completely misses you.
Rupert rages.
As you read the scroll of teleportation, it crumbles to dust.
You feel strangely unstable. Rupert barely misses you.
Rupert closely misses you.
Unknown command.
Rupert hits you with a +2 battleaxe of freezing!!!
* * * LOW HITPOINT WARNING * * *
Rupert freezes you!
You die...

#...#.............#...#.###
##.#......................#
####.#...........#...#....
#####..[>.....###...#..#
##.###..)........#......#
#...#...................#
##..#.....................
#...................#....#
#........@...........#....
##......@...........###...
##.#.#.#............####...
#....##..............#.....
##......#.........#..#....#.
#....................##.##..
##..∩................##.##..
##...##....................
###...##.#..##..........#.#


You could see Rupert (berserk).

Vanquished Creatures
  Snorg (Orc:1)
  7 hydras
  Erica (D:8)
  A boulder beetle (D:9)
  A merfolk avatar (Lair:6)
  A catoblepas (Lair:4)
  6 two-headed ogres
  2 sea snakes (Lair:6)
  An orc knight (D:9)
  4 orc sorcerers
  2 manticores (Lair:6)
  A faun (Lair:3)
  Maurice (D:9)
  6 elephants
  A merfolk siren (Lair:2)
  Joseph (D:7)
  5 black mambas
  21 cane toads
  A gargoyle (D:10)
  10 komodo dragons
  4 rime drakes
  3 trolls
  A polar bear (Lair:4)
  3 hornets
  11 blink frogs
  11 dream sheep (Lair:6)
  A shadow (D:10)
  2 vampires
  A wraith (D:10)
  24 yaks
  7 wyverns
  7 fire bats (Lair:5)
  11 basilisks
  2 steam dragons
  4 vampire mosquitoes (D:10)
  Menkaure (D:5)
  6 nagas (Lair:2)
  A warg (Orc:2)
  23 water moccasins
  16 orc warriors
  2 black bears
  2 ice beasts (D:7)
  2 sky beasts (D:6)
  3 necrophages
  7 ogres
  7 centaurs
  52 wolves
  A gnoll sergeant (D:8)
  6 bullfrogs
  2 wyvern zombies (D:7)
  13 killer bees
  6 electric eels
  A centaur zombie (D:9)
  A bullfrog zombie (D:9)
  9 orc priests
  5 jellies
  A bullfrog skeleton (D:4)
  A centaur skeleton (D:4)
  2 hounds
  Jessica (D:3)
  7 hell rats (Lair:3)
  17 orc wizards
  3 killer bee zombies
  A hound skeleton (D:5)
  A howler monkey zombie (D:9)
  5 adders
  5 gnolls (D:8)
  2 white imps (D:7)
  An ufetubus (D:6)
  An adder zombie (D:5)
  3 worms (D:2)
  4 dart slugs
  43 orcs
  7 endoplasms
  A giant cockroach (D:2)
  6 goblins
  8 hobgoblins
  9 quokkas
  7 ball pythons
  4 bats
  2 frilled lizards
  4 kobolds
  5 rats
483 creatures vanquished.

Vanquished Creatures (others)
  51 fungi
  A lurking horror (Lair:2)
  117 plants
  2 withered plants (D:1)
171 creatures vanquished.

Grand Total: 654 creatures vanquished

Notes
Turn   | Place    | Note
-------+----------+-------------------------------------------
     0 | D:1      | wakim the Gargoyle Earth Elementalist began the quest for
                  | the Orb.
     0 | D:1      | Reached XP level 1. HP: 10/10 MP: 3/3
   551 | D:1      | Found Usufos's Magic Scroll Shoppe.
   576 | D:1      | Reached XP level 2. HP: 13/15 MP: 5/5
   847 | D:1      | Reached skill level 1 in Shields
  1616 | D:1      | Found a faded altar of an unknown god.
  1824 | D:2      | Reached XP level 3. HP: 13/19 MP: 6/6
  1982 | D:2      | You fall into a shaft and drop 1 floor!
  1983 | D:3      | Noticed Jessica
  1992 | D:3      | Killed Jessica
  2224 | D:3      | Reached XP level 4. HP: 20/24 MP: 8/8
  2285 | D:3      | Found Tazxocva's Magic Scroll Shop.
  2293 | D:3      | Learned a level 3 spell: Stone Arrow
  2639 | D:2      | Reached skill level 4 in Earth Magic
  4169 | D:4      | Reached XP level 5. HP: 19/28 MP: 4/9
  4469 | D:4      | Noticed an ogre
  4479 | D:4      | Killed an ogre
  4480 | D:4      | Reached skill level 5 in Earth Magic
  4480 | D:4      | Reached XP level 6. HP: 32/32 MP: 4/10
  4490 | D:4      | Learned a level 5 spell: Lee's Rapid Deconstruction
  4599 | D:4      | Found a staircase to the Ecumenical Temple.
  4606 | Temple   | Entered the Ecumenical Temple
  4717 | D:4      | Reached skill level 6 in Earth Magic
  4920 | D:4      | Noticed a necrophage
  4932 | D:4      | Killed a necrophage
  4933 | D:4      | Reached skill level 7 in Earth Magic
  4993 | D:4      | Found an iron altar of Okawaru.
  5020 | D:4      | Found a hide-covered altar of Uskayaw.
  5293 | D:4      | Reached XP level 7. HP: 29/36 MP: 8/11
  5637 | D:5      | Entered Level 5 of the Dungeon
  5760 | D:5      | Found a glowing golden altar of the Shining One.
  5760 | D:5      | Found a radiant altar of Vehumet.
  5761 | D:5      | Found a snail-covered altar of Cheibriados.
  5768 | D:5      | Became a worshipper of Vehumet
  5899 | D:5      | Noticed Menkaure
  6193 | D:5      | Reached skill level 1 in Fighting
  7447 | D:6      | Found Tavuunuosm's Magic Scroll Emporium.
  7645 | D:6      | Reached XP level 8. HP: 45/45 MP: 10/12
  7771 | D:6      | Reached skill level 8 in Earth Magic
  8232 | D:6      | Found a shimmering blue altar of Sif Muna.
  8850 | D:6      | Reached * piety under Vehumet
  8850 | D:6      | Offered knowledge of Foxfire by Vehumet.
  9124 | D:7      | Noticed Joseph
  9373 | D:7      | Reached skill level 1 in Conjurations
  9471 | D:7      | Killed Joseph
  9472 | D:7      | Reached skill level 9 in Earth Magic
  9472 | D:7      | Reached XP level 9. HP: 47/53 MP: 4/15
  9775 | D:7      | Reached skill level 5 in Fighting
 10382 | D:8      | Identified the +2 pair of boots of Gestures {Will+ Str+2}
 10467 | D:8      | Reached skill level 1 in Maces & Flails
 10485 | D:8      | Noticed an elephant
 10599 | D:8      | Noticed Erica
 10621 | D:8      | Noticed a hornet
 10638 | D:8      | Identified the ring of Mistrust {Str+7 Dex-3 SInv}
 10668 | D:8      | Found Birchuj's Jewellery Shop.
 10669 | D:8      | Noticed a two-headed ogre
 11060 | D:8      | Found a staircase to the Lair.
 11065 | D:8      | Killed an elephant
 11160 | D:8      | Reached XP level 10. HP: 60/60 MP: 4/16
 11501 | D:8      | Offered knowledge of Magic Dart by Vehumet.
 11502 | D:8      | Reached skill level 5 in Conjurations
 11502 | D:8      | Reached skill level 10 in Earth Magic
 11901 | D:8      | Found a shadowy altar of Dithmenos.
 11902 | D:8      | Found a burning altar of Makhleb.
 11947 | D:8      | Killed a two-headed ogre
 11948 | D:8      | Reached skill level 5 in Dodging
 12027 | D:8      | Reached ** piety under Vehumet
 12299 | D:8      | Learned a level 4 spell: Petrify
 12451 | D:9      | Reached skill level 5 in Spellcasting
 12471 | D:9      | Offered knowledge of Searing Ray by Vehumet.
 12609 | D:9      | Found a staircase to the Orcish Mines.
 12777 | D:9      | Reached *** piety under Vehumet
 12845 | D:9      | Reached XP level 11. HP: 66/68 MP: 12/18
 12886 | D:9      | Reached skill level 5 in Maces & Flails
 13304 | D:9      | Reached skill level 11 in Earth Magic
 13382 | D:9      | Noticed a two-headed ogre
 13449 | D:9      | Killed a two-headed ogre
 13550 | D:9      | Noticed a boulder beetle
 13575 | D:9      | Killed a boulder beetle
 13575 | D:9      | Offered knowledge of Inner Flame by Vehumet.
 14057 | D:10     | Entered Level 10 of the Dungeon
 14085 | D:10     | Noticed a two-headed ogre
 14095 | D:10     | Killed a two-headed ogre
 14103 | D:10     | Noticed Maurice
 14258 | D:10     | Found an opulent altar of Gozag.
 14749 | D:9      | Killed Maurice
 15423 | Lair:1   | Entered Level 1 of the Lair of Beasts
 15581 | Lair:1   | Reached XP level 12. HP: 75/75 MP: 11/22
 15651 | Lair:1   | Reached **** piety under Vehumet
 15834 | Lair:1   | Noticed a seven-headed hydra
 15861 | Lair:1   | Offered knowledge of Fulminant Prism by Vehumet.
 16003 | Lair:1   | Reached skill level 12 in Earth Magic
 16031 | Lair:1   | Reached skill level 1 in Transmutations
 16088 | Lair:1   | Killed a seven-headed hydra
 16916 | Lair:2   | Noticed a five-headed hydra
 16919 | Lair:2   | Killed a five-headed hydra
 16977 | Lair:2   | Found a corrupted altar of Lugonu.
 17605 | Lair:2   | Found a staircase to the Snake Pit.
 17656 | Lair:2   | Found a one-way gate to the infinite horrors of the Abyss.
 18375 | Lair:2   | Found a staircase to the Shoals.
 18555 | Lair:2   | Reached skill level 10 in Fighting
 18566 | Lair:2   | Reached ***** piety under Vehumet
 18659 | Lair:2   | Offered knowledge of Yara's Violent Unravelling by Vehumet.
 18809 | Lair:2   | Reached XP level 13. HP: 70/82 MP: 18/23
 19133 | Lair:2   | Reached skill level 13 in Earth Magic
 19461 | Lair:3   | Identified the +1 halberd "Suxicvud" {spect, +Rage Fly
                  | rPois rF+}
 22430 | D:5      | Killed Menkaure
 22574 | D:8      | Killed Erica
 23098 | Lair:5   | Found a transporter.
 23152 | Lair:5   | Found a transporter.
 23157 | Lair:5   | Noticed Bar Zani's ghost (journeyman FoHu)
 23215 | Lair:5   | Reached skill level 5 in Transmutations
 23305 | Lair:5   | Identified a scroll of acquirement
 23306 | Lair:5   | Acquired the +8 flail of Extinguishment {pain, rN+ Str+6
                  | Stlth-}
 23310 | Lair:5   | Found a viscous altar of Jiyva.
 23310 | Lair:5   | Found a staircase to the Slime Pits.
 23869 | Lair:6   | Entered Level 6 of the Lair of Beasts
 23970 | Lair:6   | Found an ornate altar of the Wu Jian Council.
 24191 | Lair:6   | Gained mutation: Your large and strong wings let you fly.
                  | [Gargoyle growth]
 24191 | Lair:6   | Reached XP level 14. HP: 31/88 MP: 16/25
 25687 | Lair:6   | Offered knowledge of Iskenderun's Battlesphere by Vehumet.
 26517 | Orc:1    | Entered Level 1 of the Orcish Mines
 26575 | Orc:1    | Noticed Fannar
 27047 | D:9      | Reached skill level 1 in Armour
 27228 | Orc:1    | Reached skill level 14 in Earth Magic
 27327 | Orc:1    | Noticed Snorg
 27365 | Orc:1    | Killed Snorg
 27483 | Orc:1    | Found Ugul's Mass Market.
 27802 | Orc:2    | Entered Level 2 of the Orcish Mines
 27802 | Orc:2    | Found a staircase to the Elven Halls.
 27808 | Orc:2    | Noticed Rupert
 28675 | Orc:1    | Mangled by Rupert

Illustrated notes

Levels and vault maps discovered:
D:1:      roderic_crossed_star, layout_loops_ring,
          shapermc_ecumenical_altar_flowoftime, serial_shops, shop
D:2:      layout_rooms, chequers_decorated_corner, roderic_st_hans_cross
D:3:      layout_basic, serial_shops, shop, uniq_jessica
D:4:      layout_basic, lemuel_crystal_altar, lemuel_round_altar,
          minmay_temple_entry_slanted, serial_bayou, serial_bayou_lagoon_a,
          serial_bayou_lake_a, serial_bayou_pond_d, serial_bayou_pond_b,
          bh_walls_and_bars
D:5:      layout_gridville, chequers_temple_overflow_statue_of_worship,
          uniq_menkaure
D:6:      layout_cave_pods, kennysheep_orc_sif_temple, serial_shops, shop
D:7:      layout_cave_pools, uniq_joseph
D:8:      layout_rooms, gammafunk_temple_overflow_statue, david_lair_generic,
          kennysheep_windowed_goal, uniq_erica
D:9:      layout_small_grid, david_orc_5, serial_bayou, serial_bayou_shore_b,
          serial_bayou_ford_a, serial_bayou_shore_a, serial_bayou_pond_b,
          serial_bayou_crossing, corexii_checkpoint_a, grunt_decor_mini_mirrors,
          st_stairs_9, minivault_25, nzn_life_drinkers
D:10:     minmay_octagon_keep, layout_rooms, nicolae_gozag_seed_capital,
          uniq_maurice
Temple:   cyrus_circular_temple
Lair:1:   layout_chaotic_city, grunt_megastairs_2
Lair:2:   layout_regular_city, elwin_shoals_entry_rooms,
          minmay_snake_entry_guardpost_large, amcnicky_altar_lugonu_corruption
Lair:3:   layout_cave_pods, grunt_forest_large_clearings
Lair:4:   layout_loops_ring
Lair:5:   layout_gridlike, dpeg_slime_entry_enclosed_altar,
          gammafunk_ghost_abyssal_escape, lemuel_fruit_fields,
          lemuel_fruit_fields
Lair:6:   gammafunk_lair_ancient_temple, layout_hall_layers, basic_altar,
          infiniplex_staircase_pool_2
Orc:1:    layout_caves, minmay_shop_mass, uniq_snorg, uniq_fannar
Orc:2:    grunt_orc_tribal_feast, layout_caves, serial_shops,
          nicolae_shop_window_shopping, minmay_orc_barracks, uniq_rupert

Skill      XL: |  1  2  3  4  5  6  7  8  9 10 11 12 13 14 |
---------------+-------------------------------------------+-----
Shields        | 1 2 3 4 |  4.0
Spellcasting   | 3 4 5 7 9 |  9.0
Earth Magic    | 4 5 7 9 10 11 12 13 14 | 14.2
Fighting       | 2 4 6 7 8 10 11 | 11.6
Dodging        | 2 3 4 5 6 7 8 9 |  9.2
Stealth        | 4 |  4.0
Conjurations   | 2 4 5 6 7 |  7.0
Maces & Flails | 3 4 6 8 9 |  9.9
Transmutations | 4 5 6 |  6.0
Armour         | 2 |  2.2

Action                   |  1- 3 |  4- 6 |  7- 9 | 10-12 | 13-15 || total
-------------------------+-------+-------+-------+-------+-------++-------
Melee: Dagger            |   100 |     1 |       |       |       ||   101
       Spear             |     9 |       |       |       |       ||     9
       Staff             |       |   156 |    87 |    16 |    49 ||   308
       Whip              |       |    14 |    49 |   309 |   222 ||   594
       Flail             |       |       |       |       |   109 ||   109
 Cast: Sandblast         |    11 |    30 |    29 |    18 |    30 ||   118
       Stone Arrow       |       |     1 |    39 |    97 |   181 ||   318
       Lee's Rapid Decon |       |       |    12 |    79 |   106 ||   197
       Petrify           |       |       |       |     6 |    20 ||    26
  Use: Scroll            |       |     6 |     7 |     6 |     7 ||    26
       Potion            |       |       |       |     1 |     1 ||     2
 Stab: Sleeping          |     1 |     3 |     1 |     1 |       ||     6
       Distracted        |       |       |     1 |       |       ||     1
       Petrified         |       |       |       |       |    15 ||    15
       Petrifying        |       |       |       |       |     1 ||     1
Armor: Robe              |    30 |    65 |    56 |   203 |   343 ||   697
Dodge: Dodged            |    34 |    98 |   112 |   314 |   431 ||   989
Block: Buckler           |    10 |    51 |    29 |   102 |   150 ||   342

Table legend: (Time is in decaauts)
 A = Elapsed time spent in this place.
 B = Non-inter-level travel time spent in this place.
 C = Inter-level travel time spent in this place.
 D = Time resting spent in this place.
 E = Time spent auto-exploring this place.
 F = Levels seen in this place.
 G = Mean time per level.
                   A        B        C        D        E       F      G
               +--------+--------+--------+--------+--------+-----+--------+
         Total |  28761 |  26939 |   1822 |   2250 |  19358 |  19 | 1513.7 |
       Dungeon |  16459 |  15333 |   1126 |   1325 |  11224 |  10 | 1645.9 |
        Temple |     62 |     54 |      8 |      0 |     53 |   1 |   62.0 |
          Lair |  10560 |   9920 |    640 |    546 |   7128 |   6 | 1760.0 |
  Orcish Mines |   1678 |   1631 |     47 |    379 |    953 |   2 |  839.0 |
               +--------+--------+--------+--------+--------+-----+--------+

Top non-repeatable levels by time:
     D:9: 2598 daAuts
  Lair:2: 2379 daAuts
     D:8: 2018 daAuts
     D:6: 1998 daAuts
     D:5: 1965 daAuts
  Lair:5: 1898 daAuts
     D:1: 1805 daAuts
  Lair:4: 1803 daAuts
  Lair:6: 1624 daAuts
     D:4: 1509 daAuts
  Lair:1: 1448 daAuts
  Lair:3: 1406 daAuts
   Orc:1: 1289 daAuts
     D:7: 1287 daAuts
     D:2: 1242 daAuts
